 Dungeon Crawl Stone Soup version 0.28.0-49-g6dfe1f597d (webtiles) character file.

Game seed: 1875718221863786698

87 klau3 the Skirmisher (level 4, -4/61 HPs)
             Began as a Minotaur Berserker on May 16, 2022.
             Was a Believer of Trog.
             Slain by a goblin
             ... wielding a +2 dagger of protection
             ... led by Robin
              (5 damage)
             ... on level 2 of the Dungeon.
             The game lasted 00:02:49 (1723 turns).

klau3 the Skirmisher (Minotaur Berserker)           Turns: 1723, Time: 00:02:49

Health: -4/61      AC:  2    Str: 24    XL:     4   Next: 28%
Magic:  3/3        EV: 12    Int:  4    God:    Trog [**....]
Gold:   70         SH:  0    Dex:  9    Spells: 3/3 levels left

rFire   . . .      SeeInvis .   k - +0 scythe
rCold   . . .      Faith    .   (shield currently unavailable)
rNeg    . . .      Spirit   .   b - +0 animal skin
rPois   .          Reflect  .   (helmet restricted)
rElec   .          Harm     .   (no cloak)
rCorr   .          Rampage  .   (no gloves)
Will    .....                   (no boots)
Stlth   ..........              (no amulet)
HPRegen 0.20/turn               (no ring)
MPRegen 0.08/turn               (no ring)

@: berserking (expiring), very quick
A: horns 2, retaliatory headbutt
a: Renounce Religion, Berserk, Trog's Hand


You were on level 2 of the Dungeon.
You worshipped Trog.
Trog was pleased with you.
You visited 1 branch of the dungeon, and saw 2 of its levels.

You collected 70 gold pieces.

Inventory:

Hand Weapons
 a - a +0 hand axe
 k - a +0 scythe (weapon)
Armour
 b - a +0 animal skin (worn)
Scrolls
 c - 2 scrolls of identify {unknown}
 e - a scroll of fear {unknown}
 h - 2 scrolls of blinking {unknown}
 i - a scroll of silence {unknown}
 l - a scroll of enchant weapon {unknown}
Potions
 d - a potion of might {unknown}
 f - 2 potions of cancellation {unknown}
 g - 2 potions of curing {unknown}
 j - a potion of resistance {unknown}
 m - a potion of ambrosia {unknown}


   Skills:
 + Level 4.9 Fighting
 + Level 4.3 Axes
 + Level 0.4(2.7) Polearms
 + Level 2.5 Armour
 + Level 2.8 Dodging
 + Level 1.1 Stealth


You had 3 spell levels left.
You didn't know any spells.
Your spell library was empty.

Dungeon Overview and Level Annotations

Branches:
Dungeon (2/15)

Altars:

Annotations:
D:2 Robin


Innate Abilities, Weirdness & Mutations

You have a pair of horns on your head.
You reflexively headbutt those who attack you in melee.


Message History

Robin roars a battlecry!
The goblin goes into a battle-frenzy!
The ball python barely misses you. The ball python constricts you.
You slice the ball python!!
You feel the power of Trog in you as your rage grows.
You kill the ball python!
Trog accepts your kill.
You barely miss the quokka. The quokka bites you.
You completely miss the quokka. The quokka bites you.
A hobgoblin comes into view.
The quokka barely misses you.
You slash the quokka!
You kill the quokka!
Trog accepts your kill. The bat hits you.
* * * LOW HITPOINT WARNING * * *
Found a war axe.
The bat barely misses you. You furiously retaliate!
You headbutt the bat.
You kill the bat!
Trog accepts your kill.
You see here a +0 dagger.
You feel a strong urge to attack something.
The endoplasm freezes you.
You are frozen.
* * * LOW HITPOINT WARNING * * *
Robin throws the goblin at you!
* * * LOW HITPOINT WARNING * * *
The goblin hits you with a runed dagger.
* * * LOW HITPOINT WARNING * * *
You slice the endoplasm!!
You kill the endoplasm!
Trog accepts your kill.
The goblin hits you with a +2 dagger of protection!
* * * LOW HITPOINT WARNING * * *
You closely miss the goblin. You headbutt the goblin.
You kill the goblin!
Trog accepts your kill. Robin barely misses you.
The goblin hits you with a +2 dagger of protection.
You die...

#...#####:########...######
##...##.)...................
#....†......#######...######
#....##.###.# #...#
#.#...#...#.# #####
#.#.#.###$#.# # .. .# .#)#
##. ## #g# .. #@# ## #)#


gg. ##... #.... ...... )...... ........ You could see Robin, a hobgoblin
(strong) and a goblin (strong).

Vanquished Creatures
  2 adders (D:2)
  A dart slug (D:1)
  4 ball pythons
  2 bats (D:2)
  11 endoplasms
  A giant cockroach (D:1)
  6 goblins
  6 hobgoblins (D:2)
  8 jackals (D:1)
  5 kobolds
  3 quokkas
  5 frilled lizards
  4 rats
58 creatures vanquished.

Notes
Turn   | Place    | Note
-------+----------+-------------------------------------------
     0 | D:1      | klau3 the Minotaur Berserker began the quest for the Orb.
     0 | D:1      | Reached XP level 1. HP: 19/19 MP: 0/0
   206 | D:1      | Reached XP level 2. HP: 22/27 MP: 1/1
   283 | D:1      | Found a faded altar of an unknown god.
   920 | D:1      | Reached XP level 3. HP: 34/34 MP: 2/2
  1583 | D:2      | Reached XP level 4. HP: 36/41 MP: 3/3
  1610 | D:2      | Reached skill level 1 in Stealth
  1628 | D:2      | Reached ** piety under Trog
  1712 | D:2      | Noticed Robin
  1722 | D:2      | HP: 1/61 [goblin/+2 dagger of protection[Robin] (9)]
  1723 | D:2      | Slain by a goblin

Illustrated notes

Levels and vault maps discovered:
D:1:      tarquinn_simple_flora_water_c, layout_basic,
          hellmonk_ecumenical_altar_inner_sanctum, minmay_tromino_v4_b
D:2:      layout_basic, uniq_robin

Skill      XL: |  1  2  3  4 |
---------------+-------------+-----
Fighting       | 4 |  4.9
Axes           | 4 |  4.3
Stealth        | 1 |  1.1
Polearms       | |  0.4
Armour         | |  2.5
Dodging        | |  2.8

Action                   |  1- 3 |  4- 6 || total
-------------------------+-------+-------++-------
Melee: Hand axe          |    52 |       ||    52
       Headbutt          |     9 |     7 ||    16
       Scythe            |     5 |    31 ||    36
Invok: Berserk           |     4 |     1 ||     5
Armor: Animal skin       |     8 |    11 ||    19
Dodge: Dodged            |    59 |    24 ||    83
